 Dungeon Crawl Stone Soup version 0.26-a0-597-gb535b0901c (webtiles) character file.

Game seed: 559485175316536615

6925 MrRokkomies the Frost Mage (level 10, -1/59 HPs)
             Began as a Deep Elf Ice Elementalist on Aug 27, 2020.
             Was an Initiate of Gozag.
             Slain by a polar bear (11 damage)
             ... on level 1 of the Lair of Beasts.
             The game lasted 00:21:48 (11680 turns).

MrRokkomies the Frost Mage (DEIE)                  Turns: 11680, Time: 00:21:50

Health: -1/59      AC:  8    Str:  5    XL:     10   Next: 80%
Magic:  12/19      EV: 20    Int: 24    God:    Gozag
Gold:   946        SH:  5    Dex: 17    Spells: 0/19 levels left

rFire    . . .     SeeInvis .   a - +1 short sword (venom)
rCold    . . .     Faith    .   F - +0 buckler
rNeg     + . .     Spirit   .   m - +1 robe {rN+}
rPois    .         Reflect  .   q - +2 helmet
rElec    .         Harm     .   s - +0 cloak
rCorr    .                      w - +0 pair of gloves
MR       ++...                  (no boots)
Stlth    ++........             k - amulet of Syndicalism {RegenMP *Drain MR+ Dex+2}
HPRegen  0.19/turn              C - ring of flight
MPRegen  0.41/turn              E - ring of wizardry

@: no status effects
A: no striking features
a: Potion Petition, Call Merchant, Bribe Branch, Renounce Religion, Evoke Flight


You were on level 1 of the Lair of Beasts.
You worshipped Gozag.
Gozag was pleased with you.
You visited 3 branches of the dungeon, and saw 12 of its levels.

You collected 1816 gold pieces.
You paid 870 gold pieces to Gozag.

Inventory:

Hand Weapons
 a - a +1 short sword of venom (weapon)
 b - a +0 short sword of electrocution
Missiles
 e - 40 poisoned darts (quivered)
 J - a throwing net
Armour
 m - a +1 robe of positive energy (worn)
 q - a +2 helmet (worn)
 s - a +0 cloak (worn)
 w - a +0 pair of gloves (worn)
 F - a +0 buckler (worn)
Magical Staves
 v - an uncursed staff of conjuration
Jewellery
 k - the amulet of Syndicalism (around neck) {RegenMP *Drain MR+ Dex+2}
   (You found it on level 7 of the Dungeon)

   [amulet of magic regeneration]

   It increases your magic regeneration.
   It affects your dexterity (+2).
   It affects your resistance to hostile enchantments.
   It causes draining when unequipped.
 C - a ring of flight (left hand)
 E - a ring of wizardry (right hand)
 G - a cursed ring of attention {unknown}
Wands
 u - a wand of polymorph (10)
 x - a wand of paralysis (9)
 y - a wand of disintegration (19)
 B - a wand of random effects (24)
 D - a wand of flame (8)
Scrolls
 d - 8 scrolls of remove curse
 l - 6 scrolls of teleportation
 n - 2 scrolls of enchant armour
 t - 3 scrolls of immolation
 z - 2 scrolls of fog
 A - 3 scrolls of identify
 H - a scroll of enchant weapon
 I - a scroll of amnesia
Potions
 c - 3 potions of curing
 f - 3 potions of flight
 g - 3 potions of might
 h - a potion of magic
 i - 2 potions of mutation
 j - a potion of brilliance
 o - a potion of invisibility
 p - a potion of lignification {unknown}
 r - 2 potions of haste {unknown}


   Skills:
 + Level 5.5 Fighting
 * Level 11.0 Dodging
 - Level 2.4 Stealth
 - Level 4.0 Shields
 - Level 5.0 Spellcasting
 - Level 4.0 Summonings
 - Level 11.0 Ice Magic
 * Level 3.5 Poison Magic


You couldn't memorise any spells.
You knew the following spells:

 Your Spells              Type           Power        Failure   Level
a - Freeze                Ice            ####         1%          1
b - Frozen Ramparts       Ice            ######       1%          3
c - Ozocubu's Armour      Ice            ######..     1%          3
d - Summon Ice Beast      Ice/Summ       #####...     1%          4
e - Hailstorm             Conj/Ice       ####....     3%          4
f - Olgreb's Toxic Radia  Pois           ###.....     9%          4

Your spell library contained the following spells:

 Spells                   Type           Power        Failure   Level
 Sting                    Tmut/Pois      ##..         1%          1
 Poisonous Vapours        Pois/Air       ##....       2%          2
 Shock                    Conj/Air       #...         3%          1
 Swiftness                Air            #.......     5%          2
 Ignite Poison            Fire/Tmut/Pois ##......     6%          3
 Mephitic Cloud           Conj/Pois/Air  ##......     6%          3
 Static Discharge         Conj/Air       #.......     11%         3
 Airstrike                Air            #.........   32%         4
 Lightning Bolt           Conj/Air       #.........   65%         5


Dungeon Overview and Level Annotations

Branches:
Dungeon (10/15)            Temple (1/1) D:4            Lair (1/6) D:8
    Orc (0/2) D:10

Altars:
Ashenzari
Cheibriados
Dithmenos
Elyvilon
Fedhas
Gozag
Hepliaklqana
Kikubaaqudgha
Makhleb
Nemelex Xobeh
Okawaru
Qazlal
Ru
Sif Muna
Trog
Uskayaw
Vehumet
Wu Jian
Xom
Yredelemnul
Zin
The Shining One

Shops:
D:8 ?   D:9 (


Message History

You block the black bear's attack. x2
Unknown command.
The black bear goes berserk!
The polar bear misses you. x2
You block the polar bear's attack.
The black bear rages.
The polar bear closely misses you. You block the polar bear's attack.
The polar bear barely misses you.
The black bear rages.
Found a stone staircase leading down.
The polar bear rages.
The polar bear bites you!
* * * LOW HITPOINT WARNING * * *
You block the polar bear's attack. The polar bear misses you.
Found 16 gold pieces.
Okay, then.
You feel better. The black bear misses you.
The black bear claws you but does no damage.
You block the black bear's attack. The polar bear bites you!
You die...
Your body crumbles into a pile of gold.

......$......# ........>.... $
................#
................#### $
....................#
....................#
...........)...(....#
...............@...P(.....
..P.....>.....hh...((......
#..............Y....(.......
#...........l......(...?....
#...........................
#......P##.Y.......b.......
##.......................b.....#
#.............(.........## ..P#
..........P..>...#....[.# ....#


You could see a polar bear (berserk, poisoned), a komodo dragon, a black bear
(berserk, poisoned) and 2 friendly ice beasts.

Vanquished Creatures
  Maurice (D:9)
  A komodo dragon (Lair:1)
  Prince Ribbit (D:8)
  A hippogriff (D:7)
  Sigmund (D:6)
  A wyvern (D:9)
  7 yaks
  A steam dragon (D:9)
  A porcupine (Lair:1)
  An orc warrior (D:9)
  2 sky beasts
  5 black bears
  A necrophage (D:6)
  3 ogres
  2 centaurs (D:8)
  A big kobold (D:10)
  9 bullfrogs
  A water moccasin zombie (D:7)
  4 killer bees (D:7)
  2 jellies
  4 howler monkeys
  3 quasits
  A hound (D:4)
  An orc priest (D:9)
  A bullfrog skeleton (D:7)
  2 centaur skeletons
  6 iguanas
  11 orc wizards
  6 worker ants
  2 hound zombies
  A hound skeleton (D:7)
  A howler monkey zombie (D:5)
  Robin (D:3)
  8 adders
  10 gnolls
  A white imp (D:8)
  2 oozes
  2 adder skeletons
  An adder zombie (D:7)
  4 worms
  4 dart slugs
  3 leopard geckos
  32 orcs
  A ball python (D:7)
  3 giant cockroaches
  11 goblins
  11 hobgoblins
  13 jackals
  2 quokkas
  10 bats
  10 frilled lizards
  A jackal skeleton (D:7)
  11 kobolds
  A leopard gecko skeleton (D:4)
  9 rats
236 creatures vanquished.

Vanquished Creatures (collateral kills)
  2 oklob plants (D:9)
  3 yaks (Lair:1)
  A phantom (D:8)
  A wyvern skeleton (D:6)
  A gnoll (D:6)
  An adder (D:8)
  A jackal (D:8)
10 creatures vanquished.

Vanquished Creatures (others)
  5 plants (Lair:1)
5 creatures vanquished.

Grand Total: 251 creatures vanquished

Notes
Turn   | Place    | Note
-------+----------+-------------------------------------------
     0 | D:1      | MrRokkomies the Deep Elf Ice Elementalist began the quest
                  | for the Orb.
     0 | D:1      | Reached XP level 1. HP: 10/10 MP: 6/6
    40 | D:1      | Reached XP level 2. HP: 15/15 MP: 1/8
   447 | D:1      | Reached XP level 3. HP: 19/20 MP: 5/9
   868 | D:1      | Learned a level 3 spell: Frozen Ramparts
   872 | D:1      | Learned a level 3 spell: Ozocubu's Armour
  1216 | D:2      | Reached skill level 5 in Ice Magic
  1460 | D:2      | Reached XP level 4. HP: 15/24 MP: 8/11
  1746 | D:2      | Reached skill level 1 in Fighting
  2570 | D:3      | Found a shadowy altar of Dithmenos.
  3008 | D:3      | Noticed Robin
  3013 | D:3      | Killed Robin
  3013 | D:3      | Reached XP level 5. HP: 28/29 MP: 6/12
  3165 | D:3      | Found a glowing silver altar of Zin.
  3436 | D:3      | Learned a level 4 spell: Summon Ice Beast
  3519 | D:4      | Found a staircase to the Ecumenical Temple.
  3531 | Temple   | Entered the Ecumenical Temple
  3845 | D:4      | Reached XP level 6. HP: 34/34 MP: 14/14
  3889 | D:4      | Reached skill level 5 in Dodging
  4394 | D:5      | Entered Level 5 of the Dungeon
  4777 | D:5      | Noticed a sky beast
  4783 | D:5      | Killed a sky beast
  4783 | D:5      | Reached XP level 7. HP: 28/40 MP: 12/16
  5139 | D:5      | Reached skill level 5 in Spellcasting
  5167 | D:5      | Found an opulent altar of Gozag.
  5176 | D:5      | Became a worshipper of Gozag Ym Sagoz the Greedy
  5722 | D:6      | Found a sacrificial altar of Ru.
  5722 | D:6      | Found a sparkling altar of Nemelex Xobeh.
  5727 | D:6      | Found a basalt altar of Yredelemnul.
  5729 | D:6      | Found a shimmering altar of Xom.
  5731 | D:6      | Found a faded altar of an unknown god.
  5894 | D:6      | Noticed Sigmund
  5909 | D:6      | Killed Sigmund
  5909 | D:6      | Reached skill level 1 in Summonings
  6056 | D:6      | Reached XP level 8. HP: 21/45 MP: 2/17
  6869 | D:7      | Got a sparkling sapphire amulet
  6907 | D:7      | Identified the amulet of Syndicalism {RegenMP *Drain MR+
                  | Dex+2} (You found it on level 7 of the Dungeon)
  7184 | D:7      | Noticed a hippogriff
  7357 | D:7      | Reached XP level 9. HP: 48/52 MP: 10/18
  8130 | D:7      | Learned a level 4 spell: Hailstorm
  8147 | D:8      | Found Zamm's Magic Scroll Emporium.
  8177 | D:8      | Reached skill level 1 in Shields
  8195 | D:8      | Reached skill level 10 in Ice Magic
  8391 | D:8      | Reached skill level 10 in Dodging
  9008 | D:8      | Noticed Prince Ribbit
  9030 | D:8      | Killed Prince Ribbit
  9030 | D:8      | Reached XP level 10. HP: 44/58 MP: 15/19
  9353 | D:8      | Found a staircase to the Lair.
 10064 | D:9      | Reached skill level 5 in Fighting
 10314 | D:9      | Found a blossoming altar of Fedhas.
 10316 | D:9      | Noticed an oklob plant
 10316 | D:9      | Noticed an oklob plant
 10349 | D:9      | Killed an oklob plant
 10463 | D:9      | Killed an oklob plant
 10570 | D:9      | Learned a level 4 spell: Olgreb's Toxic Radiance
 10721 | D:9      | Found a bloodstained altar of Trog.
 10753 | D:9      | Noticed Maurice
 10780 | D:9      | Killed Maurice
 10780 | D:9      | Reached skill level 1 in Poison Magic
 11021 | D:9      | Found a hide-covered altar of Uskayaw.
 11073 | D:9      | Found an opulent altar of Gozag.
 11100 | D:9      | Found a shimmering blue altar of Sif Muna.
 11207 | D:10     | Entered Level 10 of the Dungeon
 11259 | D:10     | Found a staircase to the Orcish Mines.
 11358 | D:10     | Noticed a gargoyle
 11359 | D:10     | Noticed a gargoyle
 11422 | Lair:1   | Entered Level 1 of the Lair of Beasts
 11680 | Lair:1   | Slain by a polar bear

Illustrated notes

Levels and vault maps discovered:
D:1:      kennysheep_arrival_forest, layout_rooms, st_stairs_5
D:2:      layout_loops_ring
D:3:      layout_basic, lemuel_crystal_altar, marbit_many_paths, uniq_robin
D:4:      layout_loops_cross, minmay_temple_entry_mini_moons
D:5:      layout_gridville, basic_altar, lemuel_old_faithful
D:6:      layout_gridville, chequers_temple_overflow_minitemple, uniq_sigmund
D:7:      layout_basic, minmay_starry_boxes
D:8:      layout_rooms, lair_entry_dummy, serial_shops, shop,
          uniq_prince_ribbit1
D:9:      layout_gridville, nicolae_overflow_quartered_altars,
          hangedman_tree_tricks, uniq_maurice
D:10:     layout_loops_cross, orc_0_dummy
Temple:   nicolae_temple_x_marks_the_god
Lair:1:   beast_lair_carwin_large_2, layout_cave_shapes, lemuel_fruit_fields,
          lemuel_fruit_tree

Skill      XL: |  1  2  3  4  5  6  7  8  9 10 |
---------------+-------------------------------+-----
Dodging        | 3 4 5 7 8 10 11 | 11.0
Ice Magic      | 5 6 7 8 10 11 | 11.0
Fighting       | 1 2 3 4 5 |  5.5
Spellcasting   | 4 5 |  5.0
Summonings     | 1 3 4 |  4.0
Shields        | 2 4 |  4.0
Poison Magic   | 3 |  3.5
Stealth        | |  2.4

Action                   |  1- 3 |  4- 6 |  7- 9 | 10-12 || total
-------------------------+-------+-------+-------+-------++-------
Melee: Unarmed           |     1 |       |       |       ||     1
       Spear             |   100 |   117 |       |       ||   217
       Short sword       |       |    26 |   322 |   180 ||   528
Throw: Dart              |       |     4 |    36 |       ||    40
 Cast: Freeze            |    21 |    34 |     3 |     8 ||    66
       Frozen Ramparts   |     3 |    14 |    23 |     9 ||    49
       Ozocubu's Armour  |       |       |     9 |     1 ||    10
       Summon Ice Beast  |       |       |     6 |    14 ||    20
       Hailstorm         |       |       |       |     6 ||     6
       Olgreb's Toxic Ra |       |       |       |     2 ||     2
Invok: Call Merchant     |       |       |       |     1 ||     1
  Use: Scroll            |       |     9 |     9 |     1 ||    19
       Potion            |       |     1 |     1 |     1 ||     3
 Stab: Sleeping          |     4 |    13 |     3 |     1 ||    21
       Distracted        |       |       |     2 |     1 ||     3
Armor: Robe              |    15 |    31 |    91 |    62 ||   199
Dodge: Dodged            |    76 |    88 |   363 |   233 ||   760
Block: Buckler           |       |       |    27 |    77 ||   104

Table legend: (Time is in decaauts)
 A = Elapsed time spent in this place.
 B = Non-inter-level travel time spent in this place.
 C = Inter-level travel time spent in this place.
 D = Time resting spent in this place.
 E = Time spent auto-exploring this place.
 F = Levels seen in this place.
 G = Mean time per level.
                   A        B        C        D        E       F      G
               +--------+--------+--------+--------+--------+-----+--------+
         Total |  11757 |  11510 |    247 |    985 |   8463 |  12 |  979.8 |
       Dungeon |  11410 |  11171 |    239 |    985 |   8207 |  10 | 1141.0 |
        Temple |     85 |     77 |      8 |      0 |     77 |   1 |   85.0 |
          Lair |    260 |    260 |      0 |      0 |    179 |   1 |  260.0 |
               +--------+--------+--------+--------+--------+-----+--------+

Top non-repeatable levels by time:
     D:9: 1839 daAuts
     D:7: 1463 daAuts
     D:2: 1319 daAuts
     D:6: 1285 daAuts
     D:5: 1188 daAuts
     D:8: 1140 daAuts
     D:3: 1122 daAuts
     D:1: 1056 daAuts
     D:4: 831 daAuts
  Lair:1: 260 daAuts
    D:10: 163 daAuts
  Temple: 85 daAuts
